 Dungeon Crawl Stone Soup version 0.28.0-53-g5a82cb258f (webtiles) character file.

Game seed: 17832124385274518584

33 issech the Skirmisher (level 3, -2/33 HPs)
             Began as a Minotaur Monk on May 23, 2022.
             Killed from afar by Sigmund (5 damage)
             ... with a magic dart
             ... on level 2 of the Dungeon.
             The game lasted 00:03:46 (1351 turns).

issech the Skirmisher (Minotaur Monk)               Turns: 1351, Time: 00:03:47

Health: -2/33      AC:  2    Str: 15    XL:     3   Next: 12%
Magic:  2/2        EV: 13    Int:  7    God:
Gold:   95         SH:  0    Dex: 14    Spells: 2/2 levels left

rFire   . . .      SeeInvis .   a - +0 hand axe
rCold   . . .      Faith    .   (no shield)
rNeg    . . .      Spirit   .   b - +0 robe
rPois   .          Reflect  .   (helmet restricted)
rElec   .          Harm     .   (no cloak)
rCorr   .          Rampage  .   (no gloves)
Will    .....                   (no boots)
Stlth   ++........              (no amulet)
HPRegen 0.11/turn               (no ring)
MPRegen 0.08/turn               (no ring)

@: no status effects
A: horns 2, retaliatory headbutt
a: no special abilities


You were on level 2 of the Dungeon.
You visited 1 branch of the dungeon, and saw 2 of its levels.

You collected 95 gold pieces.

Inventory:

Hand Weapons
 a - a +0 hand axe (weapon)
 c - a +0 mace
 d - a +0 whip
 g - a +0 hunting sling
Missiles
 e - 3 poisoned darts (quivered)
 h - 44 stones
 j - 27 arrows
Armour
 b - a +0 robe (worn)
Scrolls
 f - 2 scrolls of fog {unknown}
Potions
 i - a potion of resistance {unknown}
 k - a potion of mutation {unknown}


   Skills:
 + Level 4.3 Fighting
 + Level 4.1 Axes
 + Level 3.6 Dodging
 + Level 1.8 Stealth


You had 2 spell levels left.
You didn't know any spells.
Your spell library contained the following spells:

 Spells                   Type           Power      Damage    Failure   Level
 Freeze                   Ice            0%         1d3       43%         1
 Frozen Ramparts          Ice            0%         1d2       80%         3
 Gell's Gravitas          Tloc           0%         N/A       80%         3
 Teleport Other           Tloc           0%         N/A       80%         3
 Hailstorm                Conj/Ice       0%         3d3       99%         4
 Dispersal                Tloc           0%         N/A       100%        6


Dungeon Overview and Level Annotations

Branches:
Dungeon (2/15)

Altars:

Annotations:
D:2 Sigmund


Innate Abilities, Weirdness & Mutations

You have a pair of horns on your head.
You reflexively headbutt those who attack you in melee.


Message History

Sigmund misses you. Sigmund casts a spell at you.
You resist with significant effort. Sigmund casts a spell at you.
You are confused.
Sigmund asks, "Do you like me?" Sigmund casts a spell at you.
You resist with significant effort.
You bump into the rock wall.
You bump into the rock wall.
You feel less confused. Sigmund gestures at you while chanting.
The puff of flame hits you!
* * * LOW HITPOINT WARNING * * *
Sigmund points at you and mumbles some strange words.
You are confused.
You bump into the rock wall.
Sigmund gestures at you while chanting. You resist with significant effort.
You bump into the rock wall.
You're too confused to move!
Sigmund gestures at you while chanting.
You are more confused.
You bump into the rock wall.
Sigmund gestures wildly while chanting.
Sigmund flickers and vanishes!
Deactivating autopickup; reactivate with Ctrl-A.
You bump into the rock wall.
Something barely misses you.
You bump into the rock wall.
You feel less confused.
You hear some strange, mumbled words.
You are confused.
You bump into the rock wall.
You feel less confused. Something barely misses you. Something hits you!
* * * LOW HITPOINT WARNING * * *
A magic dart appears from out of thin air!
The magic dart hits you.
You die...

#.# ###.# #. ##.#.# ####### .###
..#.# ##.#..# #...... . ..# ..#.#
##.###.########.##### ..... .[#.#
#.## ##.........##... #.#.# #.#.#
##.###.###########.## #.#.# #.#.#
##.#.## #.# #.#.###.#.######@.#
#.# #....##.....{.....#########
#.# #.......#.######.#........#
#.# ##...##............######.#
#.# ##.################ #.# ##.##
###.# ##### #.###...#
..#.###...###############........
........#..............#### #...#
..#####...############.# ###.##


There were no monsters in sight!

Vanquished Creatures
  A worm (D:2)
  A dart slug (D:1)
  6 endoplasms
  A goblin (D:1)
  A hobgoblin (D:2)
  4 jackals (D:1)
  3 ball pythons (D:1)
  A bat (D:2)
  A frilled lizard (D:2)
  2 kobolds
  6 rats
27 creatures vanquished.

Notes
Turn   | Place    | Note
-------+----------+-------------------------------------------
     0 | D:1      | issech the Minotaur Monk began the quest for the Orb.
     0 | D:1      | Reached XP level 1. HP: 19/19 MP: 0/0
   132 | D:1      | Reached XP level 2. HP: 24/27 MP: 1/1
   437 | D:1      | Found a faded altar of an unknown god.
  1120 | D:2      | Noticed Sigmund
  1223 | D:2      | Reached XP level 3. HP: 28/33 MP: 2/2
  1351 | D:2      | Killed from afar by Sigmund

Illustrated notes

Levels and vault maps discovered:
D:1:      matt_arrival_diagonals, layout_rooms, basic_ecumenical_altar
D:2:      layout_loops_ring, uniq_sigmund

Skill      XL: |  1  2 |
---------------+-------+-----
Fighting       | 4 |  4.3
Axes           | 4 |  4.1
Dodging        | |  3.6
Stealth        | |  1.8

Action                   || total
-------------------------++-------
Melee: Hand axe          ||    48
       Headbutt          ||     6
 Stab: Sleeping          ||     3
Armor: Robe              ||     6
Dodge: Dodged            ||    44
